Map: Proxima Station LE

Players

Scarlett - Winner!

  • Race: Zerg Zerg
  • Spawn Location: 7:00

Snute

  • Race: Zerg Zerg
  • Spawn Location: 1:00

Event: WCS Valencia 2017

VOD

Have the link to the VOD?

Description

Time

  • Played on: July 14, 2017, 11:30 a.m.
  • Length: 10:28

All games in this series

Show
View Real Time Build Order
Export as new Build Order

Scarlett Zerg - Winner!

Build Orders: Hatch First 

Get SALT Encoding   

  12  0:00  Drone  
  13  0:13  Overlord  
  13  0:17  Drone  
  14  0:32  Drone x2  
  16  0:36  Drone  
  17  0:54  Drone  
  17  0:55  Hatchery  
  17  0:57  Drone  
  18  1:08  Extractor  
  17  1:13  Spawning Pool  
  17  1:15  Drone  
  17  1:20  Drone  
  18  1:41  Drone  
  18  1:43  Hatchery  
  18  1:46  Drone  
  19  1:51  Drone  
  20  2:08  Queen  
  22  2:10  Drone  
  22  2:14  Metabolic Boost  
  23  2:21  Queen  
  25  2:24  Drone  
  25  2:29  Zergling x2  
  27  2:31  Overlord  
  27  2:35  Drone  
  28  2:50  Zergling x6  
  31  2:56  Queen, Zergling x4  
  31  2:57  Zergling x2  
  36  3:05  Zergling x2  
  36  3:06  Zergling x2  
  38  3:13  Evolution Chamber  
  38  3:15  Zergling x6  
  40  3:21  Zergling x4  
  40  3:22  Overlord  
  41  3:43  Zergling x14  
  41  3:44  Zergling x2  
  49  3:49  Zergling x2  
  50  3:55  Overlord  
  50  4:03  Overlord  
  49  4:13  Overlord  
  49  4:14  Zergling x2  
  49  4:15  Zergling x10  
  49  4:24  Zergling x6  
  49  4:25  Zergling x4  
  49  4:28  Zergling x2  
  52  4:40  Zergling x8  
  55  4:59  Zergling x10  
  59  5:05  Zergling x2  
  59  5:06  Zergling x6  
  63  5:09  Drone x4  
  59  5:18  Overlord  
  59  5:19  Drone  
  58  5:31  Drone  
  58  5:32  Drone x3  
  59  5:41  Drone x7  
  62  5:50  Drone x4  
  62  5:51  Drone  
  67  6:04  Drone, Overlord  
  67  6:05  Drone x2  
  67  6:07  Roach Warren, Extractor  
  67  6:08  Extractor  
  67  6:22  Drone x10  
  75  6:28  Lair  
  75  6:31  Drone  
  75  6:32  Drone x2  
  77  6:35  Drone  
  77  6:36  Extractor  
  77  6:37  Drone x2, Overlord  
  79  6:43  Drone, Overlord  
  79  6:44  Extractor, Drone x3  
  82  6:52  Drone  
  82  6:53  Overlord  
  83  6:55  Zerg Missile Weapons Level 1  
  83  6:58  Drone x2  
  83  7:00  Roach x3  
  91  7:02  Overlord  
  91  7:12  Roach x6  
  103  7:17  Overlord x2  
  103  7:21  Roach  
  105  7:25  Hatchery  
  105  7:26  Glial Reconstitution  
  105  7:29  Roach  
  106  7:34  Roach x3  
  112  7:39  Roach  
  112  7:40  Roach x2  
  112  7:43  Roach x3  
  124  7:48  Roach  
  124  7:49  Roach x2  
  130  7:55  Roach x3  
  136  7:59  Overlord x2  
  136  8:00  Overlord  
  136  8:08  Overlord  
  136  8:11  Drone  
  137  8:13  Extractor, Drone  
  137  8:20  Roach x4  
  137  8:21  Roach x4  
  137  8:24  Ravager x4  
  157  8:31  Overlord x2  
  157  8:32  Roach x2  
  157  8:33  Roach  
  163  8:39  Roach x4  
  171  8:46  Drone  
  171  8:48  Evolution Chamber  
  171  8:49  Overlord x2  
  164  8:58  Roach x5  
  162  9:05  Roach x4  
  162  9:08  Roach x2  
  164  9:16  Roach x4  
  155  9:26  Roach  
  155  9:27  Roach x7  
  171  9:39  Roach x7  
  171  9:43  Ravager  
  175  9:54  Roach  
  175  9:55  Roach x9  
  183  10:03  Roach x2  
  171  10:08  Roach x2  
Show
View Real Time Build Order
Export as new Build Order

Snute Zerg 

Build Orders: Hatch First 

Get SALT Encoding   

  12  0:00  Drone  
  13  0:12  Overlord  
  13  0:17  Drone  
  14  0:30  Drone x2  
  14  0:34  Drone  
  17  0:52  Hatchery  
  17  0:55  Drone  
  17  1:08  Spawning Pool  
  17  1:11  Drone  
  17  1:15  Drone  
  18  1:34  Hatchery  
  18  1:37  Drone  
  18  1:40  Drone  
  18  1:43  Drone  
  20  1:55  Queen  
  22  2:04  Queen  
  22  2:08  Overlord  
  24  2:11  Drone  
  24  2:13  Drone  
  26  2:16  Drone  
  26  2:19  Drone  
  28  2:26  Drone x2  
  30  2:32  Drone  
  30  2:34  Queen  
  30  2:36  Drone  
  34  2:43  Drone  
  35  2:47  Drone  
  35  2:48  Overlord  
  36  2:53  Zergling x2  
  37  2:58  Zergling x2  
  37  3:00  Drone  
  37  3:04  Drone x3  
  42  3:07  Extractor x2, Drone  
  42  3:09  Drone x2  
  42  3:12  Overlord  
  43  3:15  Drone x2  
  43  3:17  Drone  
  43  3:18  Drone  
  47  3:21  Drone  
  48  3:31  Drone x3  
  51  3:34  Drone x3  
  51  3:36  Roach Warren  
  51  3:37  Evolution Chamber  
  52  3:43  Evolution Chamber  
  52  3:45  Evolution Chamber, Queen  
  52  3:49  Evolution Chamber  
  52  3:54  Evolution Chamber  
  50  3:56  Evolution Chamber  
  50  3:58  Evolution Chamber  
  47  4:08  Evolution Chamber  
  45  4:12  Zergling x2  
  45  4:13  Zergling x16  
  54  4:18  Roach x2  
  54  4:23  Zergling x2  
  56  4:24  Zergling x2  
  55  4:33  Roach x2  
  55  4:34  Evolution Chamber  
  55  4:38  Roach x2  
  56  4:44  Roach x2  
  56  4:46  Roach  
  56  4:52  Queen  
  58  4:56  Overlord  
  56  5:01  Queen  
  55  5:07  Overlord  
  55  5:10  Overlord  
  49  5:16  Roach  
  49  5:17  Roach x2  
  55  5:23  Roach x2  
  55  5:27  Evolution Chamber  
  57  5:33  Drone  
  58  5:38  Drone  
  58  5:44  Evolution Chamber  
  57  5:59  Roach Warren  
  57  6:00  Drone x5  
  57  6:01  Drone  
  57  6:04  Drone  
  64  6:07  Drone  
  64  6:10  Drone x2  
  67  6:16  Drone x3  
  67  6:18  Drone  
  69  6:22  Drone x2  
  69  6:24  Drone  
  69  6:25  Drone  
  69  6:29  Drone x2  
  72  6:33  Drone x2  
  72  6:34  Drone  
  72  6:36  Drone  
  76  6:43  Zerg Ground Armor Level 1  
  76  6:44  Zerg Missile Weapons Level 1  
  76  6:45  Drone  
  76  6:46  Drone  
  78  6:48  Drone  
  78  6:51  Queen  
  81  6:55  Drone  
  81  6:56  Overlord  
  81  7:00  Lair  
  82  7:01  Overlord  
  82  7:05  Overlord  
  82  7:10  Extractor  
  82  7:11  Extractor, Drone x2  
  82  7:14  Drone x3  
  85  7:16  Drone  
  85  7:17  Drone  
  85  7:18  Metabolic Boost  
  87  7:28  Extractor  
  86  7:30  Roach x2  
  86  7:32  Overlord  
  90  7:38  Drone  
  90  7:40  Roach  
  90  7:41  Roach x2  
  90  7:43  Overlord  
  97  7:49  Roach x3  
  97  7:50  Roach, Overlord  
  105  7:58  Glial Reconstitution  
  105  8:00  Overlord x2  
  105  8:03  Zergling x6  
  108  8:07  Zergling x2  
  108  8:08  Zergling x6  
  108  8:11  Zergling x2  
  113  8:21  Zergling x10  
  113  8:24  Ravager x4  
  113  8:25  Roach  
  124  8:29  Overlord  
  124  8:30  Roach  
  124  8:32  Roach x4  
  124  8:33  Overlord  
  134  8:35  Roach  
  134  8:36  Roach Warren  
  134  8:39  Roach x3  
  141  8:46  Roach x2  
  141  8:47  Roach  
  147  8:49  Roach  
  147  8:52  Roach x2  
  127  9:03  Roach  
  127  9:04  Roach x6  
  118  9:10  Roach  
  118  9:11  Roach  
  118  9:14  Roach x2  
  118  9:16  Roach  
  107  9:24  Roach  
  107  9:25  Roach  
  107  9:27  Ravager  
  107  9:30  Roach  
  107  9:31  Roach x3  
  119  9:35  Roach x2  
  119  9:37  Queen  
  123  9:42  Roach  
  123  9:51  Roach x3  
  123  9:53  Roach  
  123  9:54  Roach  
  113  10:01  Roach  
  113  10:02  Roach x7  
  111  10:08  Roach  
  111  10:09  Roach  
Tags
 
Add a new tag
Caveats
  • Supply blocks, unpowered buildings, or Contaminate may cause inaccurate times.
  • Supply counts are checked every 10 seconds.